 Dungeon Crawl Stone Soup version 0.30-a0-218-gedb9141078 (webtiles) character file.

Game seed: 4179252127876384909

4464 LnG the Covert (level 10, -3/56 HPs)
             Began as a Kobold Summoner on Oct 5, 2022.
             Was a Believer of Dithmenos.
             Slain by a troll (10 damage)
             ... on level 8 of the Dungeon.
             The game lasted 00:19:37 (7908 turns).

LnG the Covert (Kobold Summoner)                    Turns: 7908, Time: 00:19:38

Health: -3/56      AC:  5    Str:  6    XL:     10   Next: 64%
Magic:  14/18      EV: 18    Int: 20    God:    Dithmenos [**....]
Gold:   344        SH:  0    Dex: 16    Spells: 7/20 levels left

rFire   + . .      SeeInvis .    l - +3 dagger (holy)
rCold   . . .      Faith    .    (no shield)
rNeg    . . .      Spirit   .    w - +1 robe
rPois   +          Reflect  .    k - +0 helmet
rElec   .          Harm     .    x - scarf {+Inv}
rCorr   .          Rampage  .    g - +0 pair of gloves
Will    .....                    (no boots)
Stlth   +++++++++.               z - amulet of regeneration
HPRegen 1.09/turn                c - ring of protection from fire
MPRegen 0.16/turn                B - ring of poison resistance

@: wreathed by umbra, studying Dodging
A: small, no large weapons, nightstalker 3
a: Renounce Religion, Evoke Invisibility, Shadow Step


You were on level 8 of the Dungeon.
You worshipped Dithmenos.
Dithmenos was pleased with you.
You visited 2 branches of the dungeon, and saw 9 of its levels.

You collected 421 gold pieces.
You spent 77 gold pieces at shops.

Inventory:

Hand Weapons
 f - a +0 dagger
 l - a +3 dagger of holy wrath (weapon)
Armour
 g - a +0 pair of gloves (worn)
 k - a +0 helmet (worn)
 w - a +1 robe (worn)
 x - a scarf of invisibility (worn)
Jewellery
 c - a ring of protection from fire (left hand)
 t - a ring of resist corrosion
 y - an amulet of guardian spirit
 z - an amulet of regeneration (around neck)
 A - a ring of flight
 B - a ring of poison resistance (right hand)
Wands
 u - a wand of acid (3)
 F - a wand of paralysis (10)
Scrolls
 e - a scroll of vulnerability
 h - 2 scrolls of amnesia
 i - a scroll of silence
 j - a scroll of blinking {unknown}
 m - a scroll of noise {unknown}
 o - a scroll of torment {unknown}
 p - 5 scrolls of teleportation {unknown}
 q - a scroll of brand weapon {unknown}
 r - 2 scrolls of fear {unknown}
 v - a scroll of immolation {unknown}
 C - a scroll of summoning {unknown}
 G - 3 scrolls of enchant armour {unknown}
Potions
 a - 2 potions of lignification {unknown}
 b - a potion of magic
 d - a potion of attraction {unknown}
 n - a potion of curing {unknown}
 s - 2 potions of flight {unknown}
 D - 3 potions of might {unknown}
 E - a potion of heal wounds {unknown}
 H - a potion of brilliance {unknown}


   Skills:
 + Level 4.0 Fighting
 + Level 7.2 Short Blades
 + Level 7.3 Dodging
 * Level 14.1 Stealth
 + Level 5.8 Spellcasting
 + Level 0.1 Hexes
 + Level 6.2 Summonings


You had 7 spell levels left.
You knew the following spells:

 Your Spells              Type           Power      Damage    Failure   Level
a - Summon Small Mammal   Summ           100%       N/A       1%          1
b - Call Imp              Summ           30%        N/A       1%          2
c - Call Canine Familiar  Summ           30%        N/A       2%          3
d - Summon Guardian Gole  Hex/Summ       18%        N/A       9%          3
e - Summon Lightning Spi  Summ/Air       18%        N/A       28%         4

Your spell library contained the following spells:

 Spells                   Type           Power      Damage    Failure   Level
 Freeze                   Ice            20%        1d4       11%         1
 Kiss of Death            Conj/Necr      20%        2d7       11%         1
 Ensorcelled Hibernation  Hex/Ice        12%        N/A       16%         2
 Confusing Touch          Hex            6%         N/A       30%         3
 Dazzling Flash           Conj/Hex       12%        N/A       30%         3
 Inner Flame              Hex/Fire       6%         N/A       30%         3
 Frozen Ramparts          Ice            10%        1d2       32%         3
 Hailstorm                Conj/Ice       5%         3d4       32%         3
 Spider Form              Tmut/Pois      5%         N/A       32%         3
 Anguish                  Hex/Necr       3%         N/A       71%         4
 Dispel Undead            Necr           5%         3d7       71%         4
 Flame Wave               Conj/Fire      5%         2d5       71%         4
 Iskenderun's Mystic Bla  Conj/Tloc      5%         2d3       71%         4
 Sticky Flame             Conj/Fire      5%         2d3       71%         4
 Starburst                Conj/Fire      2%         6d3       100%        6


Dungeon Overview and Level Annotations

Branches:
Dungeon (8/15)             Temple (1/1) D:4            Lair (0/5) D:8

Altars:
Ashenzari
Dithmenos
Elyvilon
Fedhas
Gozag
Hepliaklqana
Kikubaaqudgha
Makhleb
Nemelex Xobeh
Okawaru
Qazlal
Ru
Sif Muna
Trog
Uskayaw
Vehumet
Wu Jian
Xom
Zin
The Shining One

Shops:
D:1 (   D:4 [

Annotations:
D:3 2 transporters
D:6 2 transporters, osoart's ghost, novice DsGl


Innate Abilities, Weirdness & Mutations

You are small and have problems with some larger weapons.
You are completely attuned to the shadows.


Message History

Your hound bites the troll.
The troll completely misses you. x2
The troll claws you but does no damage.
Your hound closely misses the troll.
You swap places.
Your hound bites the troll.
The troll bites your crimson imp. The troll misses your crimson imp.
The troll closely misses your crimson imp.
Your crimson imp misses the troll.
Your hound closely misses the troll.
The troll bites your crimson imp! The troll claws your crimson imp.
Your crimson imp dies!
Your crimson imp disappears in a puff of smoke!
Your hound bites the troll.
Your hound barely misses the troll.
You hit the troll.
The troll is severely wounded.
Your hound bites the troll.
The troll bites your hound! The troll closely misses your hound.
The troll barely misses your hound.
Your hound bites the troll.
You closely miss the troll.
The troll is almost dead.
The troll misses you. x2; The troll claws you.
You hit the troll but do no damage.
The troll is almost dead.
Your hound barely misses the troll.
Your hound closely misses the troll.
You hit the troll but do no damage.
The troll is almost dead.
The troll bites you but does no damage. The troll claws you.
The troll claws you!
You hit the troll.
The troll is almost dead.
Your hound bites the troll.
The troll bites you. The troll misses you. The troll completely misses you.
You hit the troll.
The troll is almost dead.
Your hound disappears in a puff of smoke!
Casting: Call Imp (safe; 1% risk of failure)
Confirm with . or Enter, or press ? or * to list all spells.
The troll misses you. The troll claws you!
* * * LOW HITPOINT WARNING * * *
The troll claws you!
You die...

##.#..##..#..#..#..##
#.....
#)#...#..##...##..#
#.....
#.#...##..#...# ##
#..... .## #..##.##
#†.... .. ##..#)#..#
#<.... ... #..###..#
#..... ##.h#..#
#.#### #..#..# #.#
##@T.# #.# #.§.# #.#
##.## #.# #}# #.# ###
#.# #.# #.# #.# ###.#


You could see a troll (ally target) and a friendly wolf (summoned).

Vanquished Creatures
  A kobold demonologist (D:8)
  Prince Ribbit (D:6)
  A wraith (D:7)
  3 yaks
  A vampire mosquito (D:7)
  Edmund (D:6)
  A water moccasin (D:8)
  2 orc warriors
  A sky beast (D:8)
  2 ogres (D:5)
  A centaur (D:7)
  2 phantoms
  A bullfrog (D:6)
  2 scorpions
  2 necrophages
  6 killer bees
  2 hounds (D:5)
  6 orc priests
  Jessica (D:2)
  4 iguanas
  3 orc wizards
  6 adders
  A white imp (D:5)
  2 worms
  16 orcs
  6 endoplasms
  3 giant cockroaches
  7 goblins
  8 hobgoblins
  8 jackals
  5 quokkas
  4 ball pythons
  2 bats
  4 frilled lizards
  7 kobolds
  2 rats
125 creatures vanquished.

Vanquished Creatures (collateral kills)
  Sigmund (D:2)
  A yak (D:7)
  A water moccasin (D:6)
  A sky beast (D:4)
  2 ogres
  A necrophage (D:4)
  A scorpion (D:6)
  A killer bee (D:7)
  4 orc priests
  A hound (D:4)
  An iguana (D:6)
  An orc wizard (D:6)
  4 orcs
  4 endoplasms
  2 jackals (D:1)
  2 kobolds
  A frilled lizard (D:1)
  A rat (D:2)
30 creatures vanquished.

Vanquished Creatures (others)
  2 yaks (D:7)
  16 plants
18 creatures vanquished.

Grand Total: 173 creatures vanquished

Notes
Turn   | Place    | Note
-------+----------+-------------------------------------------
     0 | D:1      | LnG the Kobold Summoner began the quest for the Orb.
     0 | D:1      | Reached XP level 1. HP: 10/10 MP: 3/3
   505 | D:2      | Reached XP level 2. HP: 15/15 MP: 1/5
   513 | D:2      | Learned a level 2 spell: Call Imp
   796 | D:1      | Reached skill level 3 in Stealth
   805 | D:1      | Reached XP level 3. HP: 19/19 MP: 1/6
   813 | D:1      | Learned a level 3 spell: Call Canine Familiar
   868 | D:1      | Reached skill level 1 in Short Blades
  1330 | D:1      | Found Ryquiph's Antique Weapon Shoppe.
  1625 | D:2      | Reached XP level 4. HP: 18/24 MP: 3/8
  1644 | D:2      | Reached XP level 5. HP: 9/28 MP: 2/9
  1729 | D:2      | Reached skill level 4 in Stealth
  1913 | D:2      | Noticed Jessica
  1917 | D:2      | Killed Jessica
  1918 | D:2      | Reached skill level 1 in Fighting
  2240 | D:2      | Noticed Sigmund
  2247 | D:2      | Killed Sigmund
  2248 | D:2      | Reached skill level 5 in Stealth
  2248 | D:2      | Reached XP level 6. HP: 28/34 MP: 6/10
  2373 | D:2      | Reached skill level 6 in Stealth
  2717 | D:3      | Reached XP level 7. HP: 38/38 MP: 11/11
  2794 | D:3      | Found a transporter.
  2799 | D:3      | Found a transporter.
  3430 | D:3      | Identified the +4 spear of Equivalence {venom, rCorr}
  3510 | D:4      | Found a staircase to the Ecumenical Temple.
  3517 | Temple   | Entered the Ecumenical Temple
  3542 | Temple   | Became a worshipper of Dithmenos the Shadowed
  3738 | D:4      | Reached skill level 7 in Stealth
  3807 | D:4      | Reached skill level 5 in Summonings
  3956 | D:4      | Reached skill level 8 in Stealth
  3956 | D:4      | Reached XP level 8. HP: 43/43 MP: 13/13
  3963 | D:4      | Learned a level 3 spell: Summon Guardian Golem
  3969 | D:4      | Identified the +9 chain mail of the Blessed Realm {rF+++
                  | rC+ rN+ Str+4 Stlth-}
  4284 | D:4      | Found Nezemed's Armour Emporium.
  4290 | D:4      | Bought a +1 robe for 77 gold pieces
  4479 | D:4      | Found a sparkling altar of Nemelex Xobeh.
  4686 | D:5      | Entered Level 5 of the Dungeon
  4782 | D:5      | Reached * piety under Dithmenos
  4864 | D:5      | Reached skill level 9 in Stealth
  5131 | D:5      | Reached skill level 5 in Short Blades
  5396 | D:6      | Reached skill level 10 in Stealth
  5692 | D:6      | Reached XP level 9. HP: 47/48 MP: 15/15
  5697 | D:6      | Learned a level 4 spell: Summon Lightning Spire
  5728 | D:6      | Noticed Edmund
  5732 | D:6      | Killed Edmund
  5809 | D:6      | Reached skill level 11 in Stealth
  5876 | D:6      | Found a blossoming altar of Fedhas.
  5889 | D:6      | Noticed Prince Ribbit
  6003 | D:6      | Killed Prince Ribbit
  6004 | D:6      | Reached skill level 12 in Stealth
  6172 | D:6      | Found a transporter.
  6182 | D:6      | Found a transporter.
  6182 | D:6      | Noticed osoart's ghost (novice DsGl)
  6507 | D:7      | Reached skill level 5 in Spellcasting
  6513 | D:7      | Reached ** piety under Dithmenos
  6761 | D:7      | Reached skill level 13 in Stealth
  6797 | D:7      | Reached skill level 5 in Dodging
  6817 | D:7      | Reached XP level 10. HP: 7/56 MP: 15/17
  6926 | D:7      | Identified the +3 sling of the Lesser Evil {venom, Str+7
                  | Int+3}
  6986 | D:7      | Found an ancient bone altar of Kikubaaqudgha.
  7152 | D:7      | Paralysed by an orc for 4 turns
  7295 | D:8      | Found a staircase to the Lair.
  7651 | D:8      | Reached skill level 14 in Stealth
  7886 | D:8      | Noticed a kobold demonologist
  7890 | D:8      | Killed a kobold demonologist
  7908 | D:8      | Slain by a troll

Illustrated notes

Levels and vault maps discovered:
D:1:      tarquinn_simple_flora_water_c, layout_basic, serial_shops,
          nicolae_shop_temple_entry_statues_fountains
D:2:      cheibrodos_pilgrimage, layout_loops_cross, serial_bayou_ford_a,
          uniq_sigmund, uniq_jessica
D:3:      layout_basic, gammafunk_ghost_gnarly_gnolls
D:4:      layout_basic, mainiacjoe_overflow_concentric_impassable,
          minmay_temple_entry_junction, serial_shops, shop
D:5:      layout_loops_ring, abandoned_shop
D:6:      layout_rooms, mainiacjoe_overflow_alcove_1, gammafunk_ghost_arena,
          minmay_misc_feat_cross, minmay_misc_feat_enclosed,
          chequers_serial_rivers_large_b, moated_statue, uniq_edmund,
          uniq_prince_ribbit1
D:7:      layout_cave_pools, mainiacjoe_overflow_paths, serial_column_ruins,
          column_ruins_open_tiny, column_ruins_columns_straight,
          column_ruins_open_tiny, column_ruins_open_tiny, st_stairs_10
D:8:      minmay_tri_box, layout_rooms, lair_entry_dummy
Temple:   sentei_temple_godly_chess

Skill      XL: |  1  2  3  4  5  6  7  8  9 10 |
---------------+-------------------------------+-----
Stealth        | 3 5 6 8 10 13 14 | 14.1
Short Blades   | 2 3 4 5 6 7 |  7.2
Dodging        | 3 4 5 7 |  7.3
Fighting       | 1 2 3 4 |  4.0
Spellcasting   | 3 4 5 |  5.8
Summonings     | 5 6 |  6.2
Hexes          | |  0.1

Action                   |  1- 3 |  4- 6 |  7- 9 | 10-12 || total
-------------------------+-------+-------+-------+-------++-------
Melee: Unarmed           |     9 |       |       |       ||     9
       Punch             |     2 |       |       |     2 ||     4
       Dagger            |    95 |    64 |   272 |   218 ||   649
 Cast: Summon Small Mamm |    15 |       |     2 |     2 ||    19
       Call Imp          |     5 |     1 |     6 |     4 ||    16
       Call Canine Famil |     1 |     4 |    14 |    11 ||    30
       Summon Guardian G |       |       |     2 |     1 ||     3
  Use: Scroll            |     1 |       |       |     2 ||     3
 Stab: Sleeping          |     5 |    15 |    38 |     4 ||    62
       Distracted        |     1 |     1 |     2 |     2 ||     6
Armor: Robe              |    16 |     9 |    29 |    26 ||    80
Dodge: Dodged            |    99 |    33 |   175 |   156 ||   463

Table legend: (Time is in decaauts)
 A = Elapsed time spent in this place.
 B = Non-inter-level travel time spent in this place.
 C = Inter-level travel time spent in this place.
 D = Time resting spent in this place.
 E = Time spent auto-exploring this place.
 F = Levels seen in this place.
 G = Mean time per level.
                   A        B        C        D        E       F      G
               +--------+--------+--------+--------+--------+-----+--------+
         Total |   7853 |   7642 |    211 |    388 |   5549 |   9 |  872.6 |
       Dungeon |   7819 |   7624 |    195 |    388 |   5539 |   8 |  977.4 |
        Temple |     33 |     17 |     16 |      0 |     10 |   1 |   33.0 |
               +--------+--------+--------+--------+--------+-----+--------+

Top non-repeatable levels by time:
     D:1: 1402 daAuts
     D:4: 1186 daAuts
     D:6: 1076 daAuts
     D:2: 1072 daAuts
     D:7: 1033 daAuts
     D:3: 972 daAuts
     D:5: 760 daAuts
     D:8: 314 daAuts
  Temple: 33 daAuts
